 Dungeon Crawl Stone Soup version 0.31-a0-765-g67fe2935dc (webtiles) character file.

Game seed: 10888693724101011141

133 Newt the Trooper (level 4, 0/37 HPs)
             Began as a Demonspawn Gladiator on Sept 15, 2023.
             Killed from afar by an orc wizard (5 damage)
             ... with a magic dart
             ... on level 2 of the Dungeon.
             The game lasted 00:02:24 (2684 turns).

Newt the Trooper (Demonspawn Gladiator)             Turns: 2684, Time: 00:02:25

Health: 0/37       AC:  5    Str: 16    XL:     4   Next: 94%
Magic:  4/4        EV: 12    Int:  9    God:
Gold:   88         SH:  0    Dex: 15    Spells: 3/3 levels left

rFire   . . .        a - +0 rapier
rCold   . . .        (no shield)
rNeg    + . .        b - +0 leather armour
rPois   .            (helmet restricted)
rElec   .            (no cloak)
rCorr   .            (no gloves)
SInv    .            (no boots)
Will    .....        (no amulet)
Stlth   +            f - ring of positive energy
HPRegen 0.26/turn    (no ring)
MPRegen 0.09/turn

%: no passive effects
@: no status effects
A: antennae 1, slimy green scales 1, powered by pain 1
a: no special abilities


You were on level 2 of the Dungeon.
You visited 1 branch of the dungeon, and saw 3 of its levels.

You collected 88 gold pieces.

Inventory:

Hand Weapons
 a - a +0 rapier (weapon)
Missiles
 d - 3 throwing nets (quivered)
 e - a javelin
 l - 4 curare-tipped darts
Armour
 b - a +0 leather armour (worn)
 c - a +0 helmet
Jewellery
 f - a ring of positive energy (left hand)
Scrolls
 h - a scroll of identify {unknown}
 i - a scroll of teleportation
 j - a scroll of immolation {unknown}
 k - a scroll of enchant armour {unknown}
 n - a scroll of silence {unknown}
 r - a scroll of blinking {unknown}
Potions
 g - a potion of lignification
 m - a potion of magic {unknown}
 o - a potion of haste {unknown}
 p - a potion of brilliance {unknown}
 q - a potion of attraction
 s - a potion of heal wounds {unknown}


   Skills:
 - Level 4.0 Fighting
 - Level 4.0 Short Blades
 - Level 1.7 Throwing
 + Level 2.8 Dodging


You had 3 spell levels left.
You didn't know any spells.
Your spell library was empty.

Dungeon Overview and Level Annotations

Branches:
Dungeon (3/15)

Altars:


Innate Abilities, Weirdness & Mutations

You have a pair of small antennae on your head.
You are partially covered in slimy green scales. (AC +2)
You sometimes gain a little power by taking damage.


Message History

You're too confused to move!
Something hits you but does no damage.
You bump into the rock wall.
Something hits you but does no damage. Something hits you but does no damage.
An orc wizard appears from thin air!
Reactivating autopickup.
The orc wizard barely misses you.
You bump into the rock wall.
The orc wizard hits you but does no damage.
You bump into the rock wall.
The orc wizard hits you with a +0 dagger.
You're too confused to move!
The orc wizard hits you but does no damage.
You're too confused to move!
The orc wizard barely misses you.
You miss the orc wizard.
The orc wizard is almost dead.
The orc wizard hits you but does no damage.
You feel less confused.
The orc wizard points at you and mumbles some strange words.
The magic dart hits you!
You barely miss the orc wizard.
The orc wizard is almost dead.
The orc wizard hits you with a +0 dagger.
* * * LOW HITPOINT WARNING * * *
You hit the orc wizard but do no damage.
The orc wizard is almost dead.
The orc wizard casts a spell.
The orc wizard flickers and vanishes!
Deactivating autopickup; reactivate with Ctrl-A.
You closely miss something.
You hear some strange, mumbled words.
A puff of flame appears from out of thin air!
The puff of flame hits you.
* * * LOW HITPOINT WARNING * * *
You barely miss something. Something hits you.
* * * LOW HITPOINT WARNING * * *
You miss something.
You hear some strange, mumbled words.
A magic dart appears from out of thin air!
The magic dart hits you.
You die...

####.#### #......#~..♣..♣
#.......# #......#~.....♣
#.##.#..# #......#~.....♣
#.##.#..# #.<....#~......
#.##.#..# #......#~~~~~~~
#.##.#>.# #......########
#......[# ###>#.......##.
#......{######.######.##.
##....).@.....#### #.##.
#.#.##.......##.## #.##.
#.#.##.<#......#.###.##.
#######
#.#.......##.##.........
......#
#.####......[...........
.####.#
#.####.#####..######.###
....#.####.............##
#.###
.##..............####...#
#.... .####.###..#####.#
#...# #.##.


There were no monsters in sight!

Vanquished Creatures
  2 orc wizards (D:3)
  An adder (D:3)
  A worm (D:2)
  A dart slug (D:2)
  5 orcs
  8 endoplasms
  A giant cockroach (D:1)
  7 goblins
  5 hobgoblins
  7 jackals (D:2)
  3 quokkas
  4 ball pythons
  3 bats
  3 frilled lizards
  6 kobolds
  2 rats
59 creatures vanquished.

Notes
Turn   | Place    | Note
-------+----------+-------------------------------------------
     0 | D:1      | Newt the Demonspawn Gladiator began the quest for the Orb.
     0 | D:1      | Reached XP level 1. HP: 16/16 MP: 1/1
   330 | D:1      | Gained mutation: You have a pair of small antennae on your
                  | head. [demonic ancestry]
   330 | D:1      | Reached XP level 2. HP: 23/23 MP: 2/2
  1004 | D:2      | Gained mutation: You sometimes gain a little power by
                  | taking damage. [demonic ancestry]
  1004 | D:2      | Reached XP level 3. HP: 29/29 MP: 3/3
  1185 | D:2      | Found a faded altar of an unknown god.
  2152 | D:3      | Gained mutation: You are partially covered in slimy green
                  | scales. (AC +2) [demonic ancestry]
  2152 | D:3      | Reached XP level 4. HP: 27/37 MP: 4/4
  2684 | D:2      | Killed from afar by an orc wizard

Illustrated notes

Levels and vault maps discovered:
D:1:      minmay_arrival_shoal_huts, layout_loops_corners
D:2:      layout_loops_cross, chequers_ecumenical_altar_simple_redux,
          kennysheep_generic_room_16
D:3:      layout_loops_corners, grunt_qazlal_clouds,
          mainiacjoe_overflow_chevrons

Skill      XL: |  1  2  3  4 |
---------------+-------------+-----
Fighting       | 3 4 |  4.0
Short Blades   | 3 4 |  4.0
Throwing       | |  1.7
Dodging        | |  2.8

Action                     |  1- 3 |  4- 6 || total
---------------------------+-------+-------++-------
  Melee: Rapier            |   194 |    85 ||   279
         Punch             |     3 |       ||     3
  Throw: Throwing net      |       |     2 ||     2
         Javelin           |       |     1 ||     1
    Use: Potion            |     2 |       ||     2
         Scroll            |     1 |       ||     1
   Stab: Sleeping          |     1 |       ||     1
         Held in net/web   |       |     2 ||     2
 Armour: Leather armour    |   111 |    76 ||   187
  Dodge: Dodged            |   144 |    36 ||   180

Table legend: (Time is in decaauts)
 A = Elapsed time spent in this place.
 B = Non-inter-level travel time spent in this place.
 C = Inter-level travel time spent in this place.
 D = Time resting spent in this place.
 E = Time spent auto-exploring this place.
 F = Levels seen in this place.
 G = Mean time per level.
                   A        B        C        D        E       F      G
               +--------+--------+--------+--------+--------+-----+--------+
         Total |   2700 |   2616 |     84 |    644 |   1461 |   3 |  900.0 |
       Dungeon |   2700 |   2616 |     84 |    644 |   1461 |   3 |  900.0 |
               +--------+--------+--------+--------+--------+-----+--------+

Top non-repeatable levels by time:
     D:2: 1072 daAuts
     D:1: 977 daAuts
     D:3: 650 daAuts
